 Dungeon Crawl Stone Soup version 0.27-a0-543-gd81048afd2 (webtiles) character file.

Game seed: 12984151463941263687

4104 Leibowitz the Cleaver (level 10, -6/86 HPs)
             Began as a Minotaur Fighter on Mar 7, 2021.
             Mangled by an orc warrior
             ... wielding a +0 glaive
              (10 damage)
             ... in a bailey.
             The game lasted 00:16:35 (6240 turns).

Leibowitz the Cleaver (Minotaur Fighter)            Turns: 6240, Time: 00:16:35

Health: -6/86      AC: 19    Str: 24    XL:     10   Next: 6%
Magic:  9/9        EV:  6    Int:  5    God:
Gold:   427        SH: 11    Dex: 10    Spells: 9/9 levels left

rFire    . . .     SeeInvis .   a - +0 war axe
rCold    . . .     Faith    +   c - +0 kite shield
rNeg     . . .     Spirit   .   A - +1 plate armour {rPois}
rPois    +         Reflect  .   (helmet restricted)
rElec    .         Harm     .   x - +0 cloak
rCorr    .         Rampage  .   (no gloves)
Will     .....                  (no boots)
Stlth    ..........             n - amulet of faith
HPRegen  0.24/turn              f - +4 ring of protection
MPRegen  0.11/turn              o - +4 ring of slaying

@: attractive
A: horns 2, retaliatory headbutt
a: no special abilities


You were in a bailey.
You visited 2 branches of the dungeon, and saw 9 of its levels.
You also visited: Bailey.

You collected 427 gold pieces.

Inventory:

Hand Weapons
 a - a +0 war axe (weapon)
Missiles
 D - a throwing net (quivered)
Armour
 c - a +0 kite shield (worn)
 x - a +0 cloak (worn)
 A - a +1 plate armour of poison resistance (worn)
Jewellery
 e - an amulet of guardian spirit
 f - a +4 ring of protection (left hand)
 n - an amulet of faith (around neck)
 o - a +4 ring of slaying (right hand)
Wands
 t - a wand of mindburst (13)
 w - a wand of digging (4)
 y - a wand of iceblast (3)
 z - a wand of random effects (6)
 F - a wand of polymorph (4)
 G - a wand of flame (10)
Scrolls
 b - 2 scrolls of enchant armour {unknown}
 h - 3 scrolls of fog {unknown}
 k - a scroll of noise {unknown}
 l - 2 scrolls of blinking {unknown}
 m - 5 scrolls of teleportation {unknown}
 p - 4 scrolls of identify {unknown}
 u - 2 scrolls of magic mapping {unknown}
 v - 2 scrolls of random uselessness {unknown}
 E - a scroll of amnesia {unknown}
Potions
 d - 3 potions of might
 g - 3 potions of curing
 i - a potion of resistance
 j - 2 potions of cancellation {unknown}
 q - a potion of brilliance {unknown}
 r - 3 potions of attraction
 s - a potion of degeneration {unknown}
 B - 2 potions of lignification {unknown}
 C - a potion of berserk rage {unknown}
 H - a potion of heal wounds {unknown}
 I - a potion of haste {unknown}


   Skills:
 + Level 7.4 Fighting
 + Level 11.7 Axes
 + Level 0.3 Throwing
 + Level 7.2 Armour
 + Level 2.3 Dodging
 + Level 1.0 Stealth
 + Level 9.0 Shields
 + Level 1.8 Unarmed Combat


You had 9 spell levels left.
You didn't know any spells.
Your spell library contained the following spells:

 Spells                   Type           Power      Damage    Failure   Level
 Beastly Appendage        Tmut           0%         N/A       100%        1
 Wereblood                Tmut           0%         N/A       100%        2
 Spider Form              Tmut/Pois      0%         N/A       100%        3
 Ice Form                 Ice/Tmut       0%         N/A       100%        4
 Blade Hands              Tmut           0%         N/A       100%        5


Dungeon Overview and Level Annotations

Branches:
Dungeon (8/15)             Temple (1/1) D:5          Bailey (1/1)
   Lair: D:8-11

Altars:
Ashenzari
Cheibriados
Dithmenos
Elyvilon
Fedhas
Gozag
Hepliaklqana
Kikubaaqudgha
Makhleb
Nemelex Xobeh
Qazlal
Ru
Sif Muna
Uskayaw
Vehumet
Xom
Yredelemnul
Zin
The Shining One

Shops:
D:6 =

Annotations:
D:6 1 runed translucent door, HELP's ghost, novice GrFi


Innate Abilities, Weirdness & Mutations

You have a pair of horns on your head.
You reflexively headbutt those who attack you in melee.


Message History

The orc warrior is almost dead.
The orc warrior hits you with a +0 glaive.
The orc warrior barely misses you.
You hit the orc warrior.
The orc warrior is almost dead.
You block the orc's attack.
The orc warrior hits you but does no damage.
The orc warrior hits you with a +0 glaive!
Your shield and plate armour prevent you from hitting the orc warrior.
The orc warrior is almost dead.
You block the orc's attack.
The orc warrior hits you from afar with a +0 trident.
The orc warrior hits you but does no damage.
Your plate armour prevents you from hitting the orc warrior.
The orc warrior is almost dead.
You block the orc's attack.
The orc warrior hits you but does no damage.
You closely miss the orc warrior.
The orc warrior is almost dead.
You block the orc warrior's attack. The orc barely misses you.
The orc warrior hits you from afar with a +0 trident!
* * * LOW HITPOINT WARNING * * *
You hit the orc warrior but do no damage.
The orc warrior is almost dead.
The orc hits you but does no damage.
The orc warrior hits you with a +0 glaive!
* * * LOW HITPOINT WARNING * * *
The orc warrior barely misses you.
It was a potion of attraction.
You feel attractive to monsters. You block the orc's attack.
The orc warrior hits you with a +0 glaive!
* * * LOW HITPOINT WARNING * * *
The orc warrior hits you but does no damage.
The orc warrior is pulled toward you!
It was a potion of curing.
You feel better. You block the orc's attack.
The orc warrior hits you with a +0 trident.
* * * LOW HITPOINT WARNING * * *
The orc warrior hits you with a +0 glaive!
You die...

#.≈≈.≈.≈≈≈...≈≈≈.≈≈.)≈≈#
##.≈.≈≈))≈≈≈≈≈..≈≈..⌠≈≈#
#.≈≈.≈≈≈)...)≈≈≈...≈≈##
#..≈≈..≈≈≈≈≈≈≈....≈≈##
#.⌠.≈≈≈.......≈≈..≈##
##....≈≈≈≈≈≈≈≈≈...≈#
.#####............≈#
....⌠##########'####
......o@...........#
.....o.o..).......##
≈≈≈≈≈≈≈≈≈≈≈≈≈≈≈≈≈##
##################


You could see 2 orc warriors and an orc.

Vanquished Creatures
  Harold (D:7)
  Maggie (D:7)
  A steam dragon (D:8)
  Menkaure (D:7)
  Duvessa (D:7)
  6 ogres
  2 orc warriors (D:6)
  A necrophage (D:6)
  An ice beast (D:5)
  5 centaurs
  A bullfrog (D:6)
  Dowan (D:7)
  A scorpion (D:7)
  A howler monkey (D:4)
  2 bullfrog zombies
  A quasit (D:8)
  2 jellies (D:7)
  A hound (D:5)
  A gnoll shaman (D:4)
  6 orc priests
  Crazy Yiuf (D:6)
  A centaur skeleton (D:8)
  2 iguanas
  Ijyb (D:4)
  Natasha (thrice) (D:2)
  5 orc wizards
  5 worker ants
  2 hound zombies
  A hound skeleton (D:4)
  13 gnolls
  9 adders
  A shadow imp (D:5)
  A white imp (D:6)
  2 ufetubi
  An ooze (D:2)
  An adder zombie (D:5)
  4 worms
  A dart slug (D:1)
  7 leopard geckos
  36 orcs
  5 bats
  5 giant cockroaches
  10 goblins
  7 hobgoblins
  6 jackals
  9 quokkas
  A ball python (D:5)
  4 frilled lizards
  A jackal zombie (D:6)
  9 kobolds
  A quokka skeleton (D:6)
  A quokka zombie (D:5)
  5 rats
198 creatures vanquished.

Vanquished Creatures (others)
  2 orcs (Bailey)
  A jackal zombie (D:7)
3 creatures vanquished.

Grand Total: 201 creatures vanquished

Notes
Turn   | Place    | Note
-------+----------+-------------------------------------------
     0 | D:1      | Leibowitz the Minotaur Fighter began the quest for the Orb.
     0 | D:1      | Reached XP level 1. HP: 19/19 MP: 0/0
   165 | D:1      | Reached XP level 2. HP: 26/27 MP: 1/1
   559 | D:1      | Reached XP level 3. HP: 33/33 MP: 2/2
   695 | D:2      | Noticed Natasha
   705 | D:2      | Killed Natasha
   706 | D:2      | Reached skill level 3 in Axes
   748 | D:2      | Found a shimmering altar of Xom.
   766 | D:2      | Reached XP level 4. HP: 36/40 MP: 3/3
   799 | D:2      | Found a shimmering altar of Xom.
   801 | D:2      | Found a shimmering altar of Xom.
   801 | D:2      | Found a shimmering altar of Xom.
   803 | D:2      | Found a shimmering altar of Xom.
  1191 | D:2      | Noticed Natasha
  1214 | D:2      | Killed Natasha
  1215 | D:2      | Reached skill level 4 in Axes
  1382 | D:2      | Noticed Natasha
  1401 | D:2      | Killed Natasha
  1547 | D:3      | Reached XP level 5. HP: 46/46 MP: 4/4
  2313 | D:4      | Noticed Ijyb
  2325 | D:4      | Killed Ijyb
  2326 | D:4      | Reached skill level 1 in Dodging
  2553 | D:4      | Reached skill level 5 in Shields
  2652 | D:4      | Reached XP level 6. HP: 53/53 MP: 5/5
  2685 | D:4      | Found a sacrificial altar of Ru.
  2709 | D:4      | Reached skill level 5 in Axes
  2709 | D:4      | Reached skill level 5 in Armour
  3057 | D:5      | Entered Level 5 of the Dungeon
  3117 | D:5      | Found a sacrificial altar of Ru.
  3120 | D:5      | Found a blossoming altar of Fedhas.
  3123 | D:5      | Found an ancient bone altar of Kikubaaqudgha.
  3126 | D:5      | Found a broken altar of Ashenzari.
  3146 | D:5      | Found a staircase to the Ecumenical Temple.
  3147 | D:5      | Noticed an ice beast
  3157 | D:5      | Killed an ice beast
  3158 | D:5      | Reached skill level 5 in Fighting
  3158 | D:5      | Reached XP level 7. HP: 42/61 MP: 6/6
  3196 | Temple   | Entered the Ecumenical Temple
  3502 | D:5      | Reached skill level 6 in Axes
  4024 | D:6      | Found Sasephob's Jewellery Emporium.
  4135 | D:6      | Found a runed translucent door.
  4136 | D:6      | Noticed Crazy Yiuf
  4143 | D:6      | Killed Crazy Yiuf
  4266 | D:6      | Reached skill level 7 in Axes
  4294 | D:6      | Reached XP level 8. HP: 69/69 MP: 7/7
  4440 | D:6      | Reached skill level 8 in Axes
  4628 | D:6      | Found a runed translucent door.
  4629 | D:6      | Noticed HELP's ghost (novice GrFi)
  4772 | D:6      | Reached skill level 9 in Axes
  5067 | D:7      | Noticed Harold
  5085 | D:7      | Killed Harold
  5086 | D:7      | Reached skill level 10 in Axes
  5086 | D:7      | Reached XP level 9. HP: 51/78 MP: 8/8
  5226 | D:7      | Noticed Menkaure
  5246 | D:7      | Killed Menkaure
  5436 | D:7      | Identified the +0 robe of Undesirable Species {-Cast Harm
                  | Regen+ Int+5}
  5443 | D:7      | Noticed Maggie
  5466 | D:7      | Killed Maggie
  5467 | D:7      | Reached skill level 11 in Axes
  5470 | D:7      | Noticed Dowan
  5568 | D:7      | Noticed Duvessa
  5578 | D:7      | Killed Duvessa
  5581 | D:7      | Killed Dowan
  5582 | D:7      | Reached skill level 1 in Unarmed Combat
  5696 | D:7      | Found a burning altar of Makhleb.
  5866 | D:8      | Reached skill level 1 in Stealth
  6004 | D:8      | Reached XP level 10. HP: 76/86 MP: 9/9
  6035 | D:8      | Found a flagged portal.
  6045 | Bailey   | Entered a bailey
  6239 | Bailey   | HP: 2/86 [orc warrior/+0 glaive (10)]
  6240 | Bailey   | Mangled by an orc warrior

Illustrated notes

Levels and vault maps discovered:
D:1:      dpeg_arrival_rhombi, layout_basic
D:2:      minmay_wonky_spiral, layout_rooms, xom_redecorated, uniq_natasha
D:3:      layout_basic
D:4:      layout_cave_pools, nicolae_ru_sacrificial_ziggurat, uniq_ijyb
D:5:      layout_basic, grunt_temple_overflow_cloverleaf,
          minmay_temple_entry_stoned_glass
D:6:      layout_loops_ring, ebering_ghost_reflecting_pool, serial_shops,
          nicolae_shop_competitors_out_of_business, kennysheep_crisscross,
          uniq_crazy_yiuf_cottage
D:7:      layout_rooms, bloody_makhleb, hangedman_abyss_or_decor_stabs,
          uniq_maggie, uniq_harold, uniq_duvessa, uniq_menkaure
D:8:      layout_basic, enter_bailey_5, grunt_ministairs_10,
          hangedman_abyss_or_decor_slice
Temple:   nicolae_temple_figure_eight
Bailey:   bailey_polearm_flooded_kennysheep, bailey

Skill      XL: |  1  2  3  4  5  6  7  8  9 10 |
---------------+-------------------------------+-----
Fighting       | 4 5 6 7 |  7.4
Shields        | 4 5 6 7 8 9 |  9.0
Axes           | 3 4 5 7 10 11 | 11.7
Armour         | 4 5 6 7 |  7.2
Dodging        | 1 2 |  2.3
Unarmed Combat | 1 |  1.8
Stealth        | 1 |  1.0
Throwing       | |  0.3

Action                   |  1- 3 |  4- 6 |  7- 9 | 10-12 || total
-------------------------+-------+-------+-------+-------++-------
Melee: War axe           |    74 |   118 |   257 |    39 ||   488
       Headbutt          |     7 |    16 |    56 |    10 ||    89
       Unarmed           |       |       |    14 |       ||    14
Throw: Throwing net      |       |       |     2 |       ||     2
  Use: Potion            |       |       |       |     2 ||     2
Armor: Scale mail        |    40 |    51 |    28 |       ||   119
       Plate armour      |       |       |    91 |    38 ||   129
Dodge: Dodged            |    24 |    33 |    66 |    23 ||   146
Block: Kite shield       |    54 |    72 |   145 |    41 ||   312

Table legend: (Time is in decaauts)
 A = Elapsed time spent in this place.
 B = Non-inter-level travel time spent in this place.
 C = Inter-level travel time spent in this place.
 D = Time resting spent in this place.
 E = Time spent auto-exploring this place.
 F = Levels seen in this place.
 G = Mean time per level.
                   A        B        C        D        E       F      G
               +--------+--------+--------+--------+--------+-----+--------+
         Total |   6403 |   6247 |    156 |    262 |   4351 |  10 |  640.3 |
       Dungeon |   5918 |   5774 |    144 |    187 |   4067 |   8 |  739.8 |
        Temple |    288 |    276 |     12 |      0 |    275 |   1 |  288.0 |
        Bailey |    196 |    196 |      0 |     75 |      9 |   1 |  196.0 |
               +--------+--------+--------+--------+--------+-----+--------+

Top non-repeatable levels by time:
     D:6: 938 daAuts
     D:4: 856 daAuts
     D:7: 814 daAuts
     D:2: 794 daAuts
     D:5: 789 daAuts
     D:3: 783 daAuts
     D:1: 725 daAuts
  Temple: 288 daAuts
     D:8: 215 daAuts
  Bailey: 196 daAuts
